 Dungeon Sprint DCSS version bcrawl-1.27.1d (webtiles) character file.

Game seed: 97526844610221066

2078198 Freyura the Blocker (level 14, -8/133 HPs)
             Began as a Gnoll Fighter on July 17, 2020.
             Was the Champion of the Shining One.
             Killed by divine providence
             ... invoked by Saint Roka
              (12 damage)
             ... in the Dungeon (Sprint IX: "|||||||||||||||||||||||||||||").
             The game lasted 00:25:41 (2928 turns).

Freyura the Blocker (Gnoll Fighter)                 Turns: 2928, Time: 00:25:42

Health: -8/133     AC: 26    Str: 23    XL:     14   Next: 15%
Magic:  41/41      EV: 27    Int: 18    God:    the Shining One [******]
Gold:   1517       SH: 36    Dex: 25    Spells: 40/40 levels left

rFire    . . .     SeeInvis .   j - +5 eudemon blade (holy)
rCold    . . .     Gourm    .   t - +2 medium shield
rNeg     + + +     Faith    .   I - +0 storm dragon scales
rPois    +         Spirit   .   v - +3 hat of Pondering {ponderous, MR+ MP+10 Int+5}
rElec    +         Reflect  .   H - +1 cloak
rCorr    .         Harm     .   (no gloves)
MR       ++...     NoTele   +   q - +0 pair of boots
Stlth    ++........             (no amulet)
HPRegen  0.32/turn              z - +3 ring of evasion
MPRegen  0.27/turn              y - ring of poison resistance

@: mighty, agile, divine shield, glowing, slow
A: distributed training, fangs 1, molten scales 1, agile 1, deterioration 1,
robust 1, strong nose
a: Divine Shield, Cleansing Flame, Summon Divine Warrior, Renounce Religion


You were in the Dungeon.
You worshipped the Shining One.
The Shining One was exalted by your worship.
You were not hungry.

You visited 1 branch You collected 1917 gold pieces.
You spent 400 gold pieces at shops.

Inventory:

Hand Weapons
 c - a +1 demon trident of venom
 j - a +5 eudemon blade of holy wrath (weapon)
 o - a +8 morningstar of protection
 A - the +7 flail of the Spectre {holy, MR+}
   (You found it in the Dungeon)

   It has been blessed by the Shining One to cause great damage to the undead
   and demons.
   It affects your resistance to hostile enchantments.
Missiles
 p - a throwing net {=f}
Armour
 q - a +0 pair of boots (worn)
 t - a +2 medium shield (worn)
 v - the +3 hat of Pondering (worn) {ponderous, MR+ MP+10 Int+5}
   (You took it off Gastronok in the Dungeon)

   It affects your intelligence (+5).
   It affects your resistance to hostile enchantments.
   It affects your magic capacity (+10).
 H - a +1 cloak (worn)
 I - +0 storm dragon scales (worn)
Jewellery
 r - a +3 ring of strength
 s - a +2 ring of protection
 y - a ring of poison resistance (right hand)
 z - a +3 ring of evasion (left hand)
Wands
 n - a wand of iceblast (10)
Scrolls
 h - 4 scrolls of fog
 k - 2 scrolls of blinking
 l - 4 scrolls of remove curse
 m - 2 scrolls of amnesia
 E - 2 scrolls of identify
 F - 2 scrolls of enchant armour
Potions
 a - 3 potions of brilliance
 f - 4 potions of curing
 i - 4 potions of magic
 w - a potion of might
Miscellaneous
 b - a lamp of fire
Comestibles
 e - 10 rations {!d}
 g - 2 chunks of flesh


   Skills:
 + Level 14.9 Fighting
 + Level 13.7 Short Blades
 + Level 13.7 Long Blades
 + Level 13.7 Axes
 + Level 14.3 Maces & Flails
 + Level 13.7 Polearms
 + Level 13.7 Staves
 + Level 13.7 Slings
 + Level 13.7 Bows
 + Level 13.7 Crossbows
 + Level 13.7 Throwing
 + Level 14.9 Armour
 + Level 13.7 Dodging
 + Level 13.7 Stealth
 + Level 14.9 Shields
 + Level 13.7 Unarmed Combat
 + Level 13.7 Spellcasting
 + Level 11.8 Conjurations
 + Level 11.8 Hexes
 + Level 11.8 Charms
 + Level 11.8 Summonings
 + Level 11.8 Necromancy
 + Level 11.8 Translocations
 + Level 11.8 Transmutations
 + Level 11.8 Fire Magic
 + Level 11.8 Ice Magic
 + Level 11.8 Air Magic
 + Level 11.8 Earth Magic
 + Level 11.8 Poison Magic
 + Level 14.8 Invocations
 + Level 13.7 Evocations


You had 40 spell levels left.
You didn't know any spells.
Your spell library contained the following spells:

 Spells                   Type           Power        Failure   Level  Hunger
 Ensorcelled Hibernation  Hex/Ice        ######       1%          2    None
 Borgnjor's Vile Clutch   Necr/Erth      ######....   58%         6    ####...
 Darkness                 Hex            ######....   58%         6    ####...
 Infestation              Hex/Tmut/Pois  ######...    58%         6    ####...
 Shadow Creatures         Summ           N/A          58%         6    ####...
 Time Stop                Chrm/Tloc      N/A          100%        8    ######.


Dungeon Overview and Level Annotations

Branches:
Dungeon (1/1)

Altars:
Cheibriados
Dithmenos
Elyvilon
Fedhas
Gozag
Hepliaklqana
Kikubaaqudgha
Lugonu
Makhleb
Nemelex Xobeh
Okawaru
Qazlal
Ru
Sif Muna
Trog
Uskayaw
Vehumet
Wu Jian
Xom
Yredelemnul
Zin
The Shining One
Beogh
Jiyva

Shops:
D *}}:

Annotations:
D Saint Roka


Innate Abilities, Weirdness & Mutations

Your experience applies equally to all skills.
You have very sharp teeth.
Your uncanny sense of smell can sniff out nearby items.
You are partially covered in molten scales. (AC +2)
You are agile. (Dex +2)
Your body sometimes deteriorates upon taking damage.
You are robust. (+10% HP)


Message History

Saint Roka roars a battlecry!
The orc warrior goes into a battle-frenzy!
You slash Saint Roka!
Saint Roka is lightly wounded.
You slice Saint Roka!! You bite Saint Roka!
Saint Roka is moderately wounded.
Saint Roka hits you with a +0 great sword of slicing.
* * * LOW HITPOINT WARNING * * *
Snnnck.
* * * LOW HITPOINT WARNING * * *
You slash Saint Roka!
Saint Roka is moderately wounded.
You block Saint Roka's attack.
You hit Saint Roka.
Saint Roka is moderately wounded.
You slash Saint Roka!
Saint Roka is heavily wounded.
Saint Roka calls down the wrath of Beogh upon you.
Beogh smites you!
You die...

▓▓▓▓▓▓▓▓▓▓▓▓▓
...oooo@[...▓
▓▓▓▓▓▓▓▓▓▓▓▓▓▓▓▓▓▓▓▓.▓
(...†...'............▓
▓▓▓▓▓▓▓▓▓▓▓▓▓▓▓▓▓▓▓▓▓▓
..............)(.....▓
▓▓▓▓▓▓▓▓▓▓▓▓▓▓▓▓▓▓▓▓.▓
(([).......'.........▓
▓▓▓▓▓▓▓▓▓▓▓▓▓▓▓▓▓▓▓▓▓▓
.............).)..(..▓


You could see Saint Roka and 3 orc warriors.

Vanquished Creatures
  Gastronok (D)
  A fire giant (D)
  A ghost moth (D)
  A stone giant (D)
  A very ugly thing (D)
  A merfolk javelineer (D)
  An ettin (D)
  A merfolk impaler (D)
  Harold (D)
  A rakshasa (D)
  3 hydras (D)
  A centaur warrior (D)
  Psyche (D)
  A two-headed ogre (D)
  An ogre mage (D)
  2 merfolk avatars (D)
  2 alligators (D)
  An orc high priest (D)
  A deep troll earth mage (D)
  A sea snake (D)
  2 shock serpents (D)
  Sonja (D)
  Nergalle (D)
  A spriggan druid (D)
  A swamp dragon (D)
  An orange crystal statue (D)
  6 cyclopes (D)
  2 wolf spiders (D)
  7 orc sorcerers (D)
  An ugly thing (D)
  4 black mambas (D)
  3 naga magi (D)
  2 cane toads (D)
  A water nymph (D)
  A komodo dragon (D)
  A demonic crawler (D)
  A troll (D)
  3 merfolk (D)
  3 polar bears (D)
  A tyrant leech (D)
  A blink frog (D)
  2 shadows (D)
  2 tarantellas (D)
  2 redbacks (D)
  A wraith (D)
  A yak (D)
  A vampire mosquito (D)
  A naga (D)
  4 crocodiles (D)
  2 water moccasins (D)
  An acid dragon (D)
  3 porcupines (D)
  A swamp drake (D)
  10 orc warriors (D)
  5 black bears (D)
  A centaur (D)
  4 bullfrogs (D)
  A gnoll sergeant (D)
  A killer bee (D)
  An orc priest (D)
  An iguana (D)
  11 orc wizards (D)
  2 worker ants (D)
  2 oozes (D)
  11 orcs (D)
  A bat skeleton (D)
  A hobgoblin (D)
  2 kobolds (D)
  A frilled lizard (D)
  A quokka skeleton (D)
145 creatures vanquished.

Vanquished Creatures (others)
  Urug (D)
1 creature vanquished.

Grand Total: 146 creatures vanquished

Notes
Turn   | Place    | Note
-------+----------+-------------------------------------------
     0 | D        | Freyura the Gnoll Fighter began the quest for the Orb.
     0 | D        | Reached XP level 1. HP: 23/23 MP: 1/1
    14 | D        | Reached skill level 1 in Short Blades
    14 | D        | Reached skill level 1 in Long Blades
    14 | D        | Reached skill level 1 in Axes
    14 | D        | Reached skill level 1 in Polearms
    14 | D        | Reached skill level 1 in Staves
    14 | D        | Reached skill level 1 in Slings
    14 | D        | Reached skill level 1 in Bows
    14 | D        | Reached skill level 1 in Crossbows
    14 | D        | Reached skill level 1 in Throwing
    14 | D        | Reached skill level 1 in Dodging
    14 | D        | Reached skill level 1 in Stealth
    14 | D        | Reached skill level 1 in Unarmed Combat
    14 | D        | Reached skill level 1 in Spellcasting
    14 | D        | Reached skill level 1 in Invocations
    14 | D        | Reached skill level 1 in Evocations
    14 | D        | Reached XP level 2. HP: 26/29 MP: 1/3
    42 | D        | Reached skill level 5 in Maces & Flails
    42 | D        | Reached skill level 1 in Conjurations
    42 | D        | Reached skill level 1 in Hexes
    42 | D        | Reached skill level 1 in Charms
    42 | D        | Reached skill level 1 in Summonings
    42 | D        | Reached skill level 1 in Necromancy
    42 | D        | Reached skill level 1 in Translocations
    42 | D        | Reached skill level 1 in Transmutations
    42 | D        | Reached skill level 1 in Fire Magic
    42 | D        | Reached skill level 1 in Ice Magic
    42 | D        | Reached skill level 1 in Air Magic
    42 | D        | Reached skill level 1 in Earth Magic
    42 | D        | Reached skill level 1 in Poison Magic
    42 | D        | Reached XP level 3. HP: 25/35 MP: 3/5
    47 | D        | Reached XP level 4. HP: 43/43 MP: 3/7
    85 | D        | Found a roughly hewn altar of Beogh.
    85 | D        | Found a snail-covered altar of Cheibriados.
    85 | D        | Found a shadowy altar of Dithmenos.
    85 | D        | Found a white marble altar of Elyvilon.
    85 | D        | Found a blossoming altar of Fedhas.
    85 | D        | Found an opulent altar of Gozag.
    86 | D        | Found a hazy altar of Hepliaklqana.
    87 | D        | Found a viscous altar of Jiyva.
    88 | D        | Found an ancient bone altar of Kikubaaqudgha.
    89 | D        | Found a corrupted altar of Lugonu.
    90 | D        | Found a burning altar of Makhleb.
    91 | D        | Found a sparkling altar of Nemelex Xobeh.
    92 | D        | Found an iron altar of Okawaru.
    93 | D        | Found a stormy altar of Qazlal.
    94 | D        | Found a sacrificial altar of Ru.
    95 | D        | Found a shimmering blue altar of Sif Muna.
    96 | D        | Found a bloodstained altar of Trog.
    97 | D        | Found a hide-covered altar of Uskayaw.
    98 | D        | Found a radiant altar of Vehumet.
    99 | D        | Found an ornate altar of the Wu Jian Council.
   100 | D        | Found a shimmering altar of Xom.
   101 | D        | Found a basalt altar of Yredelemnul.
   102 | D        | Found a glowing silver altar of Zin.
   103 | D        | Found a glowing golden altar of the Shining One.
   161 | D        | Noticed a wraith
   161 | D        | Noticed an acid dragon
   161 | D        | Noticed a troll
   161 | D        | Noticed a cyclops
   161 | D        | Noticed a two-headed ogre
   180 | D        | Killed a wraith
   180 | D        | Reached XP level 5. HP: 40/49 MP: 8/11
   180 | D        | Reached XP level 6. HP: 46/56 MP: 8/12
   183 | D        | Killed an acid dragon
   183 | D        | Reached skill level 5 in Invocations
   186 | D        | Killed a troll
   186 | D        | Reached skill level 5 in Short Blades
   186 | D        | Reached skill level 5 in Long Blades
   186 | D        | Reached skill level 5 in Axes
   186 | D        | Reached skill level 5 in Polearms
   186 | D        | Reached skill level 5 in Staves
   186 | D        | Reached skill level 5 in Slings
   186 | D        | Reached skill level 5 in Bows
   186 | D        | Reached skill level 5 in Crossbows
   186 | D        | Reached skill level 5 in Throwing
   186 | D        | Reached skill level 5 in Dodging
   186 | D        | Reached skill level 5 in Stealth
   186 | D        | Reached skill level 5 in Unarmed Combat
   186 | D        | Reached skill level 5 in Spellcasting
   186 | D        | Reached skill level 5 in Evocations
   186 | D        | Reached XP level 7. HP: 28/63 MP: 9/14
   195 | D        | Killed a cyclops
   195 | D        | Reached skill level 5 in Conjurations
   195 | D        | Reached skill level 5 in Hexes
   195 | D        | Reached skill level 5 in Charms
   195 | D        | Reached skill level 5 in Summonings
   195 | D        | Reached skill level 5 in Necromancy
   195 | D        | Reached skill level 5 in Translocations
   195 | D        | Reached skill level 5 in Transmutations
   195 | D        | Reached skill level 5 in Fire Magic
   195 | D        | Reached skill level 5 in Ice Magic
   195 | D        | Reached skill level 5 in Air Magic
   195 | D        | Reached skill level 5 in Earth Magic
   195 | D        | Reached skill level 5 in Poison Magic
   195 | D        | Reached XP level 8. HP: 31/71 MP: 11/17
   203 | D        | Killed a two-headed ogre
   203 | D        | Reached XP level 9. HP: 18/77 MP: 12/19
   345 | D        | Noticed a cyclops
   374 | D        | Killed a cyclops
   374 | D        | Reached skill level 10 in Fighting
   374 | D        | Reached skill level 10 in Armour
   374 | D        | Reached skill level 10 in Shields
   437 | D        | Became a worshipper of the Shining One
   594 | D        | Noticed a cane toad
   594 | D        | Noticed a black mamba
   594 | D        | Reached * piety under the Shining One
   601 | D        | Killed a cane toad
   611 | D        | Noticed a komodo dragon
   616 | D        | Killed a black mamba
   616 | D        | Reached XP level 10. HP: 41/86 MP: 22/22
   722 | D        | Reached ** piety under the Shining One
   722 | D        | Noticed a six-headed hydra
   730 | D        | Noticed a black mamba
   733 | D        | Killed a six-headed hydra
   733 | D        | Reached skill level 10 in Maces & Flails
   750 | D        | Killed a black mamba
   750 | D        | Reached skill level 10 in Invocations
   819 | D        | Reached *** piety under the Shining One
   820 | D        | Reached **** piety under the Shining One
   841 | D        | Reached XP level 11. HP: 86/93 MP: 22/24
   992 | D        | Received a gift from the Shining One
  1046 | D        | Noticed an orc sorcerer
  1046 | D        | Reached ***** piety under the Shining One
  1046 | D        | Received a gift from the Shining One
  1057 | D        | Killed an orc sorcerer
  1067 | D        | Noticed an orc high priest
  1081 | D        | Killed an orc high priest
  1081 | D        | Received a gift from the Shining One
  1081 | D        | Reached skill level 10 in Short Blades
  1081 | D        | Reached skill level 10 in Long Blades
  1081 | D        | Reached skill level 10 in Axes
  1081 | D        | Reached skill level 10 in Polearms
  1081 | D        | Reached skill level 10 in Staves
  1081 | D        | Reached skill level 10 in Slings
  1081 | D        | Reached skill level 10 in Bows
  1081 | D        | Reached skill level 10 in Crossbows
  1081 | D        | Reached skill level 10 in Throwing
  1081 | D        | Reached skill level 10 in Dodging
  1081 | D        | Reached skill level 10 in Stealth
  1081 | D        | Reached skill level 10 in Unarmed Combat
  1081 | D        | Reached skill level 10 in Spellcasting
  1081 | D        | Reached skill level 10 in Evocations
  1142 | D        | Found Mamiamn's Assorted Antiques.
  1142 | D        | Noticed an orc sorcerer
  1144 | D        | Noticed an orc sorcerer
  1153 | D        | Noticed a soul eater
  1156 | D        | Killed an orc sorcerer
  1169 | D        | Found Irithit's Gadget Shoppe.
  1172 | D        | Killed an orc sorcerer
  1173 | D        | Noticed an orc sorcerer
  1174 | D        | Found Lylil Han's Gadget Emporium.
  1176 | D        | Found Ybyn's Book Shoppe.
  1177 | D        | Noticed an orc sorcerer
  1178 | D        | Received a gift from the Shining One
  1179 | D        | Killed an orc sorcerer
  1179 | D        | Noticed an orc sorcerer
  1181 | D        | Noticed an orc sorcerer
  1183 | D        | Noticed a soul eater
  1190 | D        | Killed an orc sorcerer
  1195 | D        | Killed an orc sorcerer
  1201 | D        | Killed an orc sorcerer
  1312 | D        | Bought a lamp of fire for 400 gold pieces
  1358 | D        | Noticed Urug
  1358 | D        | Received a gift from the Shining One
  1359 | D        | Noticed Sonja
  1375 | D        | Killed Urug
  1378 | D        | Killed Sonja
  1480 | D        | Noticed Psyche
  1486 | D        | Killed Psyche
  1486 | D        | Reached XP level 12. HP: 103/103 MP: 26/26
  1550 | D        | Noticed Gastronok
  1550 | D        | Reached ****** piety under the Shining One
  1565 | D        | Killed Gastronok
  1671 | D        | Got the +7 flail of the Spectre {holy, MR+}
  1675 | D        | Got the +8 short sword of the Candle {venom, rElec}
  1682 | D        | Got the cursed +0 pair of gloves "Waex" {Int+4 Dex-4
                  | Stlth+}
  1685 | D        | Got the +2 robe of Contentment {*Corrode Str+2 Dex+3}
  1735 | D        | Gained mutation: Your body sometimes deteriorates upon
                  | taking damage. [potion of mutation]
  1735 | D        | Gained mutation: You are partially covered in molten
                  | scales. (AC +2) [potion of mutation]
  1735 | D        | Gained mutation: You are robust. (+10% HP) [potion of
                  | mutation]
  1735 | D        | Gained mutation: You are agile. (Dex +2) [potion of
                  | mutation]
  1811 | D        | Noticed a centaur warrior
  1811 | D        | Noticed a six-headed hydra
  1820 | D        | Received a gift from the Shining One
  1827 | D        | Killed a centaur warrior
  1828 | D        | Noticed an ogre mage
  1831 | D        | Noticed a purple very ugly thing
  1853 | D        | Killed a six-headed hydra
  1853 | D        | Reached skill level 10 in Conjurations
  1853 | D        | Reached skill level 10 in Hexes
  1853 | D        | Reached skill level 10 in Charms
  1853 | D        | Reached skill level 10 in Summonings
  1853 | D        | Reached skill level 10 in Necromancy
  1853 | D        | Reached skill level 10 in Translocations
  1853 | D        | Reached skill level 10 in Transmutations
  1853 | D        | Reached skill level 10 in Fire Magic
  1853 | D        | Reached skill level 10 in Ice Magic
  1853 | D        | Reached skill level 10 in Air Magic
  1853 | D        | Reached skill level 10 in Earth Magic
  1853 | D        | Reached skill level 10 in Poison Magic
  1856 | D        | Noticed a stone giant
  1856 | D        | Received a gift from the Shining One
  1860 | D        | Killed a purple very ugly thing
  1861 | D        | Noticed a deep troll earth mage
  1862 | D        | Noticed a fire giant
  1872 | D        | Noticed an ettin
  1877 | D        | Killed an ogre mage
  1896 | D        | Killed a stone giant
  1896 | D        | Reached XP level 13. HP: 97/122 MP: 29/29
  1906 | D        | Killed a fire giant
  1912 | D        | The Shining One protects you from harm!
  1913 | D        | Killed an ettin
  2086 | D        | Noticed Nergalle
  2099 | D        | Killed Nergalle
  2099 | D        | Received a gift from the Shining One
  2149 | D        | Noticed Harold
  2169 | D        | Killed Harold
  2261 | D        | Noticed a rakshasa
  2261 | D        | Received a gift from the Shining One
  2261 | D        | Received a gift from the Shining One
  2276 | D        | Killed a rakshasa
  2276 | D        | Received a gift from the Shining One
  2360 | D        | Received a gift from the Shining One
  2360 | D        | Noticed a merfolk impaler
  2360 | D        | Received a gift from the Shining One
  2363 | D        | Noticed a merfolk javelineer
  2383 | D        | Received a gift from the Shining One
  2386 | D        | Killed a merfolk impaler
  2400 | D        | Killed a merfolk javelineer
  2586 | D        | Received a gift from the Shining One
  2607 | D        | Received a gift from the Shining One
  2650 | D        | Reached XP level 14. HP: 73/133 MP: 31/31
  2657 | D        | Identified a +3 eudemon blade of holy wrath (a +1 demon
                  | blade of venom blessed by the Shining One)
  2657 | D        | Received a gift from the Shining One
  2759 | D        | Received a gift from the Shining One
  2760 | D        | Noticed a ghost moth
  2782 | D        | Received a gift from the Shining One
  2801 | D        | Killed a ghost moth
  2903 | D        | Noticed Saint Roka
  2925 | D        | HP: 5/133 [Saint Roka/+0 great sword of slicing (6)]
  2928 | D        | Killed from afar by Saint Roka

Skill      XL: |  1  2  3  4  5  6  7  8  9 10 11 12 13 |
---------------+----------------------------------------+-----
Short Blades   | 1 2 4 5 6 8 9 10 12 13 | 13.7
Long Blades    | 1 2 4 5 6 8 9 10 12 13 | 13.7
Axes           | 1 2 4 5 6 8 9 10 12 13 | 13.7
Polearms       | 1 2 4 5 6 8 9 10 12 13 | 13.7
Staves         | 1 2 4 5 6 8 9 10 12 13 | 13.7
Slings         | 1 2 4 5 6 8 9 10 12 13 | 13.7
Bows           | 1 2 4 5 6 8 9 10 12 13 | 13.7
Crossbows      | 1 2 4 5 6 8 9 10 12 13 | 13.7
Throwing       | 1 2 4 5 6 8 9 10 12 13 | 13.7
Dodging        | 1 2 4 5 6 8 9 10 12 13 | 13.7
Stealth        | 1 2 4 5 6 8 9 10 12 13 | 13.7
Unarmed Combat | 1 2 4 5 6 8 9 10 12 13 | 13.7
Spellcasting   | 1 2 4 5 6 8 9 10 12 13 | 13.7
Invocations    | 1 2 4 5 6 7 9 10 11 13 14 | 14.8
Evocations     | 1 2 4 5 6 8 9 10 12 13 | 13.7
Maces & Flails | 5 6 7 8 9 10 11 12 14 | 14.3
Conjurations   | 1 3 4 5 6 7 9 10 11 | 11.8
Hexes          | 1 3 4 5 6 7 9 10 11 | 11.8
Charms         | 1 3 4 5 6 7 9 10 11 | 11.8
Summonings     | 1 3 4 5 6 7 9 10 11 | 11.8
Necromancy     | 1 3 4 5 6 7 9 10 11 | 11.8
Translocations | 1 3 4 5 6 7 9 10 11 | 11.8
Transmutations | 1 3 4 5 6 7 9 10 11 | 11.8
Fire Magic     | 1 3 4 5 6 7 9 10 11 | 11.8
Ice Magic      | 1 3 4 5 6 7 9 10 11 | 11.8
Air Magic      | 1 3 4 5 6 7 9 10 11 | 11.8
Earth Magic    | 1 3 4 5 6 7 9 10 11 | 11.8
Poison Magic   | 1 3 4 5 6 7 9 10 11 | 11.8
Fighting       | 7 8 9 10 11 12 13 14 | 14.9
Armour         | 7 8 9 10 11 12 13 14 | 14.9
Shields        | 7 8 9 10 11 12 13 14 | 14.9

Action                   |  1- 3 |  4- 6 |  7- 9 | 10-12 | 13-15 || total
-------------------------+-------+-------+-------+-------+-------++-------
Melee: Flail             |    25 |     9 |       |       |       ||    34
       Morningstar       |       |    22 |    66 |   281 |   179 ||   548
       Bite              |       |     3 |    10 |    48 |    48 ||   109
       Eudemon blade     |       |       |       |       |    62 ||    62
Invok: Divine Shield     |       |       |       |     9 |     6 ||    15
       Brand Weapon With |       |       |       |       |     1 ||     1
  Use: Potion            |     1 |     3 |     4 |     5 |     2 ||    15
       Scroll            |       |       |     6 |       |     2 ||     8
  Eat: Chunk             |       |       |     2 |    11 |     9 ||    22
       Ration            |       |       |       |     1 |       ||     1
Armor: Scale mail        |     6 |    15 |    12 |    52 |       ||    85
       Storm dragon scal |       |       |       |    15 |    42 ||    57
Dodge: Dodged            |     3 |    13 |    25 |    56 |    67 ||   164
Block: Medium shield     |    13 |    21 |    36 |   234 |   231 ||   535
